AoeStats
← Machado

QS Arena

503289834Analyzed
1v1 RM · 1mo ago on Aug 31, 2026· 105m 55s· 2 players
Game mode
Random Map
Map size
Tiny (2 player)
Population
200
Speed
Normal
Resources
Standard
Victory
Conquest
Starting age
Dark Age
Ending age
Imperial Age
RankedLock teamsTeams togetherTeam positionsShared explorationLock speedFull tech treeHidden civsTurbo modeCheats
Victory
Defeat
🇧🇷 Burmese · Brazil
753
+15
🇺🇸 Persians · United States
742
-15
Wildanlor
7:25 Feudal Age
13:37 Castle Age
12:05 Double-Bit Axe
13:25 Bloodlines
18:01 Husbandry
25:37 Gold Mining
28:30 Town Watch
28:53 Scale Barding Armor
31:23 Chain Barding Armor
32:54 Forging
34:43 Kamandaran
34:58 Light Cavalry
38:01 Wheelbarrow
39:17 Iron Casting
39:00 Loom
41:53 Stone Mining
42:38 Gold Shaft Mining
47:23 Imperial Age
44:54 Murder Holes
45:42 Fletching
47:26 Ballistics
48:10 Cavalier
49:06 Citadels
50:00 Hand Cart
51:15 Thumb Ring
52:37 Conscription
52:35 Masonry
55:02 Chemistry
54:33 Architecture
55:21 Theocracy
55:04 Crossbowman
56:42 Hoardings
56:33 Block Printing
58:13 Horse Collar
58:36 Bodkin Arrow
58:42 Padded Archer Armor
61:04 Stone Shaft Mining
64:35 Guilds
65:55 Blast Furnace
65:31 Plate Barding Armor
64:50 Elite Skirmisher
67:01 Leather Archer Armor
67:56 Savar
70:19 Town Patrol
79:33 Elite War Elephant
96:00 Scale Mail Armor
103:13 Capped Ram
Machado
0:28 Loom
9:33 Feudal Age
9:57 Horse Collar
10:19 Gold Mining
10:48 Stone Mining
17:06 Castle Age
18:26 Pikeman
19:06 Squires
24:35 Town Watch
26:35 Wheelbarrow
30:52 Heavy Plow
33:22 Hand Cart
37:35 Town Patrol
38:31 Forging
38:22 Scale Mail Armor
38:29 Scale Barding Armor
38:25 Padded Archer Armor
38:16 Fletching
44:02 Imperial Age
42:24 Manipur Cavalry
42:37 Arson
44:27 Iron Casting
44:08 Chain Mail Armor
43:51 Bodkin Arrow
45:37 Crop Rotation
45:22 Capped Ram
47:56 Blast Furnace
46:57 Bracer
49:04 Halberdier
52:57 Plate Mail Armor
52:59 Elite Battle Elephant
55:44 Elite Skirmisher
60:17 Chemistry
59:28 Masonry
59:09 Heated Shot
67:04 Chain Barding Armor
Connection lost

Rejoining the realm…

Still unreachable

The connection could not be restored.

Session expired

The server has moved on; the page needs a fresh start.